 Dungeon Crawl Stone Soup version 0.28-a0-1395-g4f6bc678fa (webtiles) character file.

Game seed: 6736709486151256734

2163 rocketpapaya the Basher (level 9, -2/58 HPs)
             Began as a Demonspawn Ice Elementalist on Jan 5, 2022.
             Was a Believer of Dithmenos.
             Slain by a killer bee zombie (6 damage)
             ... on level 7 of the Dungeon.
             The game lasted 00:19:58 (6059 turns).

rocketpapaya the Basher (DsIE)                      Turns: 6059, Time: 00:19:58

Health: -2/58      AC:  9    Str:  9    XL:     9   Next: 10%
Magic:  6/12       EV:  6    Int: 27    God:    Dithmenos [**....]
Gold:   300        SH:  0    Dex: 19    Spells: 5/12 levels left

rFire   . . .      SeeInvis +   m - +11 whip "Aniphy" {freeze, Will+ Int+2}
rCold   + . .      Faith    .   (no shield)
rNeg    . . .      Spirit   .   a - +0 robe
rPois   .          Reflect  .   t - +1 hat "Orashuenn" {rC+ Int+4}
rElec   .          Harm     .   (no cloak)
rCorr   .          Rampage  .   k - +0 pair of gloves
Will    +....                   (no boots)
Stlth   +++.......              (no amulet)
HPRegen 0.19/turn               r - ring of see invisible
MPRegen 0.26/turn               b - +6 ring of dexterity

@: about to teleport, held, wreathed by umbra
A: rugged brown scales 1, icemail 1, magic regeneration, condensation shield
a: Renounce Religion, Shadow Step


You were on level 7 of the Dungeon.
You worshipped Dithmenos.
Dithmenos was pleased with you.
You visited 1 branch of the dungeon, and saw 7 of its levels.

You collected 300 gold pieces.

Inventory:

Hand Weapons
 m - the +11 whip "Aniphy" (weapon) {freeze, Will+ Int+2}
   (You found it on level 2 of the Dungeon)

   It freezes those it strikes, dealing additional cold damage.
   It can also slow down cold-blooded creatures.
   Int:       It affects your intelligence (+2).
   Will:      It increases your willpower.
Armour
 a - a +0 robe (worn)
 d - +0 acid dragon scales
 g - an orb of guile
 k - a +0 pair of gloves (worn)
 p - a +1 scale mail of willpower
 t - the +1 hat "Orashuenn" (worn) {rC+ Int+4}
   (You acquired it on level 6 of the Dungeon)

   Int:       It affects your intelligence (+4).
   rC:        It protects you from cold.
Jewellery
 b - a +6 ring of dexterity (right hand)
 r - a ring of see invisible (left hand)
Wands
 j - a wand of paralysis (9)
Scrolls
 e - 2 scrolls of identify
 f - 2 scrolls of teleportation
 i - 3 scrolls of torment
 l - 2 scrolls of amnesia
 o - 2 scrolls of immolation
 s - a scroll of enchant weapon


   Skills:
 + Level 10.4 Maces & Flails
 - Level 1.7 Dodging
 - Level 1.7 Stealth
 - Level 2.0 Spellcasting
 - Level 5.1 Ice Magic


You had 5 spell levels left.
You knew the following spells:

 Your Spells              Type           Power      Damage    Failure   Level
a - Freeze                Ice            100%       1d11      1%          1
b - Frozen Ramparts       Ice            60%        1d8       3%          3
c - Ozocubu's Armour      Ice            30%        N/A       3%          3

Your spell library contained the following spells:

 Spells                   Type           Power      Damage    Failure   Level
 Hailstorm                Conj/Ice       16%        3d6       34%         4


Dungeon Overview and Level Annotations

Branches:
Dungeon (7/15)
 Temple: D:4-7

Altars:
Dithmenos
Elyvilon
Okawaru
Trog
Xom
Yredelemnul

Shops:
D:2 =   D:3 =   D:4 [

Annotations:
D:4 3 runed translucent doors, pigah's ghost, novice OpWn
D:7 Harold


Innate Abilities, Weirdness & Mutations

You are partially covered in rugged brown scales. (AC +1, +3% HP)
A meltable icy envelope protects you from harm. (AC +4)
You regenerate magic rapidly.
A meltable shield of frost defends you. (SH +4)


Message History

Casting: Freeze (safe; 1% risk of failure)
Confirm with . or Enter, or press ? or * to list all spells.
Aiming: Freeze (safe; 1% risk of failure)
Press: ? - help, Shift-Dir - straight line, f - Harold
Aim: Harold, wielding a +0 long sword, wearing a +0 scale mail and quivering 4 throwing nets (lightly wounded, umbra)
You freeze Harold!
Harold is moderately wounded.
The killer bee zombie barely misses you.
The orc hits you with a +2 dagger of freezing.
Harold barely misses you.
The centaur zombie hits you but does no damage.
The centaur zombie kicks you but does no damage.
The killer bee zombie hits you.
* * * LOW HITPOINT WARNING * * *
You feel better. The killer bee zombie hits you.
* * * LOW HITPOINT WARNING * * *
The orc hits you with a +2 dagger of freezing.
* * * LOW HITPOINT WARNING * * *
The centaur zombie hits you but does no damage.
The centaur zombie closely misses you. Harold hits you but does no damage.
The killer bee zombie hits you but does no damage.
It was a potion of cancellation.
Your magical effects are unravelling.
You feel magically purged.
Your icy armour evaporates.
The centaur zombie closely misses you.
The centaur zombie kicks you but does no damage.
The orc hits you with a +2 dagger of freezing.
* * * LOW HITPOINT WARNING * * *
The killer bee zombie hits you.
* * * LOW HITPOINT WARNING * * *
Harold hits you with a +0 long sword.
* * * LOW HITPOINT WARNING * * *
The centaur zombie hits you but does no damage.
The centaur zombie kicks you.
* * * LOW HITPOINT WARNING * * *
You feel less attractive to monsters.
As you read the scroll of teleportation, it crumbles to dust.
You feel strangely unstable. The killer bee zombie hits you.
You die...

............#
............#
............#
............#
#..........#
#..........#
#....ZZ....#
#....)@....#
#....o@....#
#..........#
#..........#
#..........#
#....#######
#.... #....


You could see Harold, an orc, a killer bee zombie and a centaur zombie.

Vanquished Creatures
  Prince Ribbit (D:6)
  Eustachio (D:6)
  An acid dragon (D:5)
  Edmund (D:6)
  2 water moccasins (D:6)
  An ice beast (D:5)
  A sky beast (D:5)
  4 ogres
  A bullfrog (D:5)
  A gnoll sergeant (D:5)
  4 wights
  A howler monkey (D:5)
  A hound (D:6)
  A bullfrog skeleton (D:5)
  2 centaur skeletons
  A jelly (D:5)
  2 iguanas
  A scorpion zombie (D:5)
  Natasha (thrice) (D:3)
  A hound skeleton (D:4)
  4 gnolls
  9 adders
  A worm (D:5)
  3 dart slugs
  15 orcs
  11 ball pythons
  8 bats
  7 endoplasms
  4 giant cockroaches
  13 goblins
  5 hobgoblins
  3 frilled lizards
  9 kobolds
  A quokka skeleton (D:4)
  6 rats
130 creatures vanquished.

Vanquished Creatures (others)
  5 toadstools (D:1)
5 creatures vanquished.

Grand Total: 135 creatures vanquished

Notes
Turn   | Place    | Note
-------+----------+-------------------------------------------
     0 | D:1      | rocketpapaya the Demonspawn Ice Elementalist began the
                  | quest for the Orb.
     0 | D:1      | Reached XP level 1. HP: 13/13 MP: 3/3
   664 | D:1      | Gained mutation: You regenerate magic rapidly. [demonic
                  | ancestry]
   664 | D:1      | Reached XP level 2. HP: 19/19 MP: 3/5
  1247 | D:1      | Found a faded altar of an unknown god.
  1308 | D:2      | Gained mutation: A meltable shield of frost defends you.
                  | (SH +4) [demonic ancestry]
  1308 | D:2      | Reached XP level 3. HP: 23/24 MP: 2/6
  1475 | D:2      | Learned a level 3 spell: Frozen Ramparts
  1478 | D:2      | Identified the +11 whip "Aniphy" {freeze, Will+ Int+2}
  1593 | D:2      | Reached skill level 5 in Ice Magic
  1910 | D:2      | Found Tuntuadgh's Jewellery Shoppe.
  1964 | D:2      | Reached XP level 4. HP: 30/30 MP: 7/7
  2295 | D:3      | Reached skill level 1 in Maces & Flails
  2384 | D:3      | Found a basalt altar of Yredelemnul.
  2386 | D:3      | Found a bloodstained altar of Trog.
  2386 | D:3      | Found a shadowy altar of Dithmenos.
  2392 | D:3      | Became a worshipper of Dithmenos the Shadowed
  2470 | D:3      | Reached skill level 2 in Maces & Flails
  2604 | D:3      | Found Haotick's Jewellery Boutique.
  2605 | D:3      | Noticed Natasha
  2613 | D:3      | Killed Natasha
  2614 | D:3      | Gained mutation: You are partially covered in rugged brown
                  | scales. (AC +1, +3% HP) [demonic ancestry]
  2614 | D:3      | Reached XP level 5. HP: 13/36 MP: 1/8
  2734 | D:3      | Noticed Natasha
  2744 | D:3      | Killed Natasha
  2745 | D:3      | Reached skill level 3 in Maces & Flails
  2967 | D:3      | Noticed Natasha
  2976 | D:3      | Killed Natasha
  3058 | D:4      | Noticed an ogre
  3071 | D:4      | Learned a level 3 spell: Ozocubu's Armour
  3099 | D:4      | Found Cemanoow's Antique Armour Shoppe.
  3118 | D:4      | Killed an ogre
  3119 | D:4      | Reached skill level 4 in Maces & Flails
  3119 | D:4      | Reached XP level 6. HP: 34/42 MP: 3/9
  3229 | D:4      | Found a runed translucent gate.
  3229 | D:4      | Found a runed translucent gate.
  3229 | D:4      | Found a runed translucent gate.
  3234 | D:4      | Noticed pigah's ghost (novice OpWn)
  3236 | D:4      | Noticed an ice beast
  3248 | D:4      | Reached * piety under Dithmenos
  3317 | D:3      | Reached skill level 5 in Maces & Flails
  3825 | D:4      | Reached XP level 7. HP: 41/47 MP: 10/10
  4004 | D:4      | Found a shimmering altar of Xom.
  4140 | D:4      | Found an iron altar of Okawaru.
  4212 | D:5      | Entered Level 5 of the Dungeon
  4233 | D:5      | Reached skill level 6 in Maces & Flails
  4422 | D:5      | Reached ** piety under Dithmenos
  4423 | D:5      | Reached skill level 7 in Maces & Flails
  4435 | D:5      | Reached XP level 8. HP: 31/53 MP: 4/11
  4758 | D:5      | Reached skill level 8 in Maces & Flails
  5199 | D:6      | Identified a scroll of acquirement
  5200 | D:6      | Acquired the +1 hat "Orashuenn" {rC+ Int+4}
  5295 | D:6      | Noticed Edmund
  5304 | D:6      | Killed Edmund
  5305 | D:6      | Reached skill level 9 in Maces & Flails
  5487 | D:6      | Noticed Eustachio
  5542 | D:6      | Noticed Prince Ribbit
  5560 | D:6      | Killed Prince Ribbit
  5561 | D:6      | Reached skill level 10 in Maces & Flails
  5974 | D:6      | Killed Eustachio
  5975 | D:6      | Gained mutation: A meltable icy envelope protects you from
                  | harm. (AC +4) [demonic ancestry]
  5975 | D:6      | Reached XP level 9. HP: 54/58 MP: 1/12
  6046 | D:7      | Noticed Harold
  6059 | D:7      | Slain by a killer bee zombie

Illustrated notes

Levels and vault maps discovered:
D:1:      ldierk_walled_garden, layout_basic, chequers_ecumenical_altar_lobes
D:2:      minmay_wonky_spiral, layout_basic, serial_shops, nicolae_shop_trees
D:3:      layout_rooms, mainiacjoe_overflow_alcove_3, serial_shops, shop,
          uniq_natasha
D:4:      layout_cave_pools, mainiacjoe_overflow_two_lobes, serial_shops,
          nicolae_diamond_shop, serial_column_ruins, column_ruins_pillar_7,
          column_ruins_pillar_1, column_ruins_pillar_2, column_ruins_pillar_6,
          column_ruins_pillar_6, column_ruins_pillar_4, column_ruins_pillar_6,
          column_ruins_pillar_1, column_ruins_pillar_3, column_ruins_pillar_1,
          gammafunk_ghost_split
D:5:      layout_loops_ring, hangedman_decor_slide_cut, kennysheep_small_circle
D:6:      layout_basic, nicolae_lava_and_water, uniq_eustachio,
          uniq_prince_ribbit1, uniq_edmund
D:7:      layout_gridville, temple_hall, uniq_harold, uniq_joseph

Skill      XL: |  1  2  3  4  5  6  7  8 |
---------------+-------------------------+-----
Ice Magic      | 4 5 |  5.1
Maces & Flails | 2 4 5 7 10 | 10.4
Dodging        | |  1.7
Stealth        | |  1.7
Spellcasting   | |  2.0

Action                   |  1- 3 |  4- 6 |  7- 9 || total
-------------------------+-------+-------+-------++-------
Melee: Club              |    10 |       |       ||    10
       Short sword       |     8 |       |       ||     8
       Whip              |    18 |    94 |    89 ||   201
 Cast: Freeze            |    44 |     9 |    10 ||    63
       Frozen Ramparts   |       |     8 |    11 ||    19
       Ozocubu's Armour  |       |     4 |     8 ||    12
  Use: Potion            |       |     2 |     8 ||    10
       Scroll            |       |       |     9 ||     9
 Stab: Sleeping          |     3 |     1 |     1 ||     5
Armor: Robe              |    13 |    26 |    51 ||    90
Dodge: Dodged            |    38 |    49 |    48 ||   135
Block: Other             |       |    14 |    21 ||    35

Table legend: (Time is in decaauts)
 A = Elapsed time spent in this place.
 B = Non-inter-level travel time spent in this place.
 C = Inter-level travel time spent in this place.
 D = Time resting spent in this place.
 E = Time spent auto-exploring this place.
 F = Levels seen in this place.
 G = Mean time per level.
                   A        B        C        D        E       F      G
               +--------+--------+--------+--------+--------+-----+--------+
         Total |   6012 |   5859 |    153 |    677 |   4050 |   7 |  858.9 |
       Dungeon |   6012 |   5859 |    153 |    677 |   4050 |   7 |  858.9 |
               +--------+--------+--------+--------+--------+-----+--------+

Top non-repeatable levels by time:
     D:1: 1302 daAuts
     D:4: 998 daAuts
     D:2: 991 daAuts
     D:5: 954 daAuts
     D:3: 927 daAuts
     D:6: 825 daAuts
     D:7: 12 daAuts
